 Dungeon Crawl Stone Soup version 0.32-a0-818-gb728d0252e (webtiles) character file.

Game seed: 13891873609836378818

5678 smashvw the Slicer (level 10, -6/55 HPs)
             Began as a Vine Stalker Fighter on Mar 24, 2024.
             Was a Priest of Uskayaw.
             Killed from afar by a steam dragon (11 damage)
             ... with a ball of steam
             ... on level 7 of the Dungeon.
             The game lasted 00:12:46 (5734 turns).

smashvw the Slicer (Vine Stalker Fighter)           Turns: 5734, Time: 00:12:46

Health: -6/55      AC: 14    Str: 19    XL:     10   Next: 75%
Magic:  0/15       EV:  6    Int:  8    God:    Uskayaw [***...]
Gold:   315        SH:  5    Dex: 18    Spells: 14/14 levels left

rFire   . . .        O - +2 short sword (speed)
rCold   . . .        c - +0 buckler
rNeg    . . .        H - +0 chain mail
rPois   .            D - -2 helmet of Resilience {Slay+2}
rElec   .            l - +0 cloak
rCorr   .            (no gloves)
SInv    .            p - +0 pair of boots
Will    +....        m - amulet of regeneration
Stlth   +            e - +4 ring of protection
HPRegen 1.89/turn    (no ring)
MPRegen 0.14/turn

%: guardian spirit
@: mighty
A: fangs 3, regeneration 1, magic shield, antimagic bite, no potion heal 2
a: Renounce Religion, Stomp, Line Pass


You were on level 7 of the Dungeon.
You worshipped Uskayaw.
Uskayaw was noncommittal.
You visited 2 branches of the dungeon, and saw 8 of its levels.
You also visited: Ossuary.

You collected 315 gold pieces.

Inventory:

Hand Weapons
 a - a +0 rapier
 F - the +5 short sword "Bawnoso" {flame, *Slow rElec rN++}
   (You found it on level 5 of the Dungeon)

   rElec:     It insulates you from electricity.
   rN++:      It greatly protects you from negative energy.
   *Slow:     It may slow you when you take damage.
 N - the +7 orcbow "Olionep" {heavy, ^Fragile Will+ SInv}
   (You found it on level 5 of the Dungeon)

   Will+:     It increases your willpower.
   SInv:      It lets you see invisible.
   ^Fragile:  It will be destroyed if unequipped.
 O - a +2 short sword of speed (weapon)
Missiles
 f - 3 curare-tipped darts
 g - 8 poisoned darts (quivered)
Armour
 c - a +0 buckler (worn)
 l - a +0 cloak (worn)
 p - a +0 pair of boots (worn)
 r - a +0 tower shield
 D - the -2 helmet of Resilience (worn) {Slay+2}
   (You found it on level 4 of the Dungeon)

   Slay+2:    It affects your accuracy & damage with ranged weapons and melee
   (+2).
 H - a +0 chain mail (worn)
Jewellery
 e - a +4 ring of protection (left hand)
 m - an amulet of regeneration (around neck)
Wands
 z - a wand of warping (13)
 B - a wand of flame (75)
 C - a wand of charming (7)
 R - a wand of mindburst (10)
Scrolls
 i - 3 scrolls of fog
 k - 2 scrolls of amnesia {unknown}
 o - a scroll of brand weapon
 q - 3 scrolls of poison {unknown}
 s - 2 scrolls of silence {unknown}
 t - 2 scrolls of immolation {unknown}
 u - a scroll of torment
 v - a scroll of enchant weapon
 x - 2 scrolls of enchant armour {unknown}
 y - 2 scrolls of summoning {unknown}
 A - a scroll of acquirement {unknown}
 J - a scroll of revelation
 P - 2 scrolls of teleportation {unknown}
 Q - a scroll of noise {unknown}
Potions
 b - a potion of enlightenment {unknown}
 d - 2 potions of might
 h - 4 potions of degeneration
 j - 2 potions of mutation
 n - a potion of cancellation
 w - 2 potions of magic {unknown}
 E - 2 potions of berserk rage {unknown}
 G - a potion of resistance {unknown}
 I - a potion of lignification {unknown}
 K - 2 potions of attraction {unknown}
 L - 5 potions of curing {unknown}
 M - a potion of ambrosia {unknown}
 S - a potion of heal wounds {unknown}


   Skills:
 + Level 7.1 Fighting
 * Level 9.6 Short Blades
 - Level 2.4 Armour
 - Level 6.0 Stealth
 - Level 5.0 Shields
 + Level 2.7 Spellcasting
 + Level 4.8 Invocations
 - Level 3.0 Evocations


You had 14 spell levels left.
You didn't know any spells.
Your spell library contained the following spells:

 Spells                   Type           Power      Damage    Failure   Level
 Freeze                   Ice            4%         1d3       98%         1
 Necrotise                Necr           4%         1d4       98%         1
 Summon Small Mammal      Summ           4%         N/A       98%         1
 Call Canine Familiar     Summ           1%         N/A       100%        3
 Frozen Ramparts          Ice            2%         1d1       100%        3
 Hailstorm                Conj/Ice       1%         3d5       100%        3
 Vampiric Draining        Necr           1%         2d6       100%        3
 Martyr's Knell           Necr/Summ      1%         N/A       100%        4
 Summon Blazeheart Golem  Fire/Summ      1%         N/A       100%        4
 Curse of Agony           Necr           1%         N/A       100%        5


Dungeon Overview and Level Annotations

Branches:
Dungeon (7/15)             Temple (1/1) D:4         Ossuary (visited)

Altars:
Ashenzari
Cheibriados
Dithmenos
Fedhas
Gozag
Hepliaklqana
Makhleb
Nemelex Xobeh
Qazlal
Ru
Sif Muna
Trog
Uskayaw
Vehumet
Wu Jian
Xom
Yredelemnul
Zin
The Shining One

Shops:
D:6 [

Annotations:
D:3 1 runed translucent door, Crazy Yiuf
D:7 3 runed translucent doors, Biggs's ghost, novice CoHu


Innate Abilities, Weirdness & Mutations

You have razor-sharp teeth.
Your natural rate of healing is unusually fast.
When hurt, damage is shared between your health and your magic reserves.
Your bite disrupts and absorbs the magic of your enemies.
Potions cannot restore your health.


Message History

The wyvern is engulfed in a cloud of scalding steam.
The wyvern completely misses you.
You closely miss the wyvern. You bite the wyvern, but do no damage.
The wyvern is almost dead.
You are engulfed in a cloud of scalding steam.
The wyvern is engulfed in a cloud of scalding steam.
The wyvern dies!
You are engulfed in a cloud of scalding steam.
The sentinel's mark upon you fades away.
You feel very mighty all of a sudden.
You are engulfed in a cloud of scalding steam.
Menkaure hits you!
* * * LOW HITPOINT WARNING * * *
The steam dragon barely misses you.
The steam dragon claws you but does no damage.
You puncture Menkaure! You bite Menkaure.
Menkaure's magic leaks into the air.
You drain his magic.
You feel invigorated.
Menkaure is severely damaged.
You can now pass through a line of other dancers.
You puncture Menkaure!
You destroy Menkaure!
You completely miss the steam dragon. The steam dragon breathes steam at you.
The ball of steam hits you!
* * * LOW HITPOINT WARNING * * *
You hit the steam dragon.
The steam dragon is lightly wounded.
You are engulfed in a cloud of scalding steam.
You puncture the steam dragon!
The steam dragon is moderately wounded.
You are engulfed in a cloud of scalding steam.
* * * LOW HITPOINT WARNING * * *
Uskayaw will force your foes to helplessly watch your dance.
You block the steam dragon's attack. The steam dragon barely misses you.
You puncture the steam dragon!
The steam dragon is severely wounded.
The steam dragon breathes steam at you. The ball of steam hits you!
You die...
Your body falls in perfect tune with the rhythm.

..............
#.###....()....
........<....... #
................
#.####.......>....... #
..>...............< .##.
...........#....## .....
##.........##..#.#
......#@D........#.....#
.......ยง........#....#.#
......##.....#.......#..
...... #.)..## .#.....
.###.###....## #####....
#.........###.##.....
#..........#.........
#.###..........#...## #
#..........#...##


You could see a steam dragon (catching breath).

Vanquished Creatures
  Pikel (D:4)
  Maurice (D:7)
  Joseph (D:7)
  Maggie (D:7)
  A troll (D:5)
  Prince Ribbit (D:7)
  Grinder (D:4)
  A slime creature (D:6)
  Sigmund (D:3)
  A shadow (D:5)
  Eustachio (D:5)
  Menkaure (D:7)
  A water moccasin (D:6)
  An orc warrior (D:6)
  2 black bears
  5 ogres
  3 centaurs
  3 lemures (D:4)
  4 phantoms
  2 kobold brigands (D:6)
  2 bullfrogs
  2 scorpions
  2 burial acolytes (Ossuary)
  7 wights
  A bullfrog zombie (D:7)
  5 hounds
  An orc priest (D:6)
  4 jellies
  A gnoll bouda (D:6)
  Terence (D:3)
  A sleepcap (D:6)
  Natasha (twice) (D:3)
  A killer bee zombie (D:7)
  3 gnolls (D:6)
  8 adders
  A shadow imp (D:7)
  3 white imps (D:5)
  A dart slug (D:1)
  2 ribbon worms
  13 orcs
  10 ball pythons
  14 endoplasms
  4 giant cockroaches
  7 goblins
  6 hobgoblins
  8 jackals (D:2)
  16 kobolds
  5 quokkas
  4 bats
  3 frilled lizards
  2 hobgoblin skeletons (Ossuary)
  2 kobold skeletons (Ossuary)
  3 orc skeletons (Ossuary)
  9 rats
187 creatures vanquished.

Vanquished Creatures (others)
  A wyvern (D:7)
1 creature vanquished.

Grand Total: 188 creatures vanquished

Notes
Turn   | Place    | Note
-------+----------+-------------------------------------------
     0 | D:1      | smashvw the Vine Stalker Fighter began the quest for the
                  | Orb.
     0 | D:1      | Reached XP level 1. HP: 11/11 MP: 2/2
   130 | D:1      | Reached skill level 2 in Short Blades
   202 | D:1      | Reached XP level 2. HP: 16/16 MP: 3/3
   588 | D:1      | Reached XP level 3. HP: 20/20 MP: 4/4
  1055 | D:2      | Reached XP level 4. HP: 24/24 MP: 5/5
  1116 | D:2      | Reached skill level 3 in Short Blades
  1118 | D:2      | Found a faded altar of an unknown god.
  1621 | D:3      | Identified the +4 mace "smashvw's Foe" {vamp, rCorr}
  1706 | D:3      | Noticed Terence
  1720 | D:3      | Killed Terence
  1721 | D:3      | Reached XP level 5. HP: 28/28 MP: 6/6
  1740 | D:3      | Noticed Sigmund
  1756 | D:3      | Killed Sigmund
  1757 | D:3      | Reached skill level 4 in Short Blades
  1757 | D:3      | Reached XP level 6. HP: 33/33 MP: 7/7
  1827 | D:3      | Noticed Natasha
  1837 | D:3      | Killed Natasha
  2238 | D:3      | Found a runed translucent door.
  2239 | D:3      | Noticed Crazy Yiuf
  2316 | D:3      | Noticed Natasha
  2322 | D:3      | Killed Natasha
  2710 | D:4      | Reached XP level 7. HP: 36/37 MP: 8/8
  2739 | D:4      | Reached skill level 5 in Short Blades
  2802 | D:4      | Noticed Grinder
  2813 | D:4      | Killed Grinder
  2895 | D:4      | Noticed Pikel
  2991 | D:4      | Killed Pikel
  2992 | D:4      | Reached skill level 5 in Fighting
  2992 | D:4      | Reached skill level 6 in Short Blades
  2992 | D:4      | Reached skill level 5 in Shields
  2992 | D:4      | Gained mutation: You have razor-sharp teeth. [Vine Stalker
                  | growth]
  2992 | D:4      | Reached XP level 8. HP: 27/43 MP: 4/9
  3079 | D:4      | Identified the -2 helmet of Resilience {Slay+2}
  3264 | D:4      | Found a staircase to the Ecumenical Temple.
  3274 | Temple   | Entered the Ecumenical Temple
  3284 | Temple   | Became a worshipper of Uskayaw the Reveller
  3394 | D:5      | Entered Level 5 of the Dungeon
  3400 | D:5      | Identified the +5 short sword "Bawnoso" {flame, *Slow rElec
                  | rN++}
  3436 | D:5      | Found a snail-covered altar of Cheibriados.
  3537 | D:5      | Reached * piety under Uskayaw
  3540 | D:5      | Reached ** piety under Uskayaw
  3628 | D:5      | Found a sand-covered staircase.
  3638 | Ossuary  | Entered an ossuary
  3677 | Ossuary  | Reached skill level 7 in Short Blades
  3688 | Ossuary  | Reached skill level 1 in Invocations
  3691 | Ossuary  | Reached *** piety under Uskayaw
  3779 | Ossuary  | Reached skill level 1 in Evocations
  3800 | Ossuary  | Reached **** piety under Uskayaw
  3801 | Ossuary  | Reached ***** piety under Uskayaw
  3802 | Ossuary  | Reached skill level 1 in Stealth
  3977 | D:5      | Reached XP level 9. HP: 47/48 MP: 9/11
  4002 | D:5      | Found a sparkling altar of Nemelex Xobeh.
  4027 | D:5      | Noticed a troll
  4118 | D:5      | Killed a troll
  4129 | D:5      | Identified the +7 orcbow "Olionep" {heavy, ^Fragile Will+
                  | SInv}
  4277 | D:5      | Found a burning altar of Makhleb.
  4287 | D:5      | Reached skill level 8 in Short Blades
  4332 | D:6      | Noticed Eustachio
  4332 | D:6      | Found Waegaix's Antique Armour Shop.
  4356 | D:5      | Killed Eustachio
  4570 | D:6      | Reached XP level 10. HP: 49/53 MP: 13/13
  4715 | D:6      | Found a shimmering altar of Xom.
  4838 | D:6      | Reached skill level 5 in Stealth
  5105 | D:6      | Reached skill level 9 in Short Blades
  5122 | D:6      | Reached skill level 1 in Spellcasting
  5504 | D:7      | Noticed Maggie
  5504 | D:7      | Noticed Prince Ribbit
  5511 | D:7      | Killed Prince Ribbit
  5516 | D:7      | Killed Maggie
  5527 | D:7      | Noticed Maurice
  5540 | D:7      | Noticed Joseph
  5550 | D:7      | Killed Maurice
  5558 | D:7      | Reached ****** piety under Uskayaw
  5562 | D:7      | Killed Joseph
  5629 | D:7      | Found a runed translucent gate.
  5629 | D:7      | Found a runed translucent gate.
  5629 | D:7      | Found a runed translucent gate.
  5629 | D:7      | Noticed Biggs's ghost (novice CoHu)
  5631 | D:7      | Found a basalt altar of Yredelemnul.
  5720 | D:7      | Noticed Menkaure
  5729 | D:7      | Killed Menkaure
  5730 | D:7      | HP: 2/55 [steam dragon/ball of steam (8)]
  5734 | D:7      | Killed from afar by a steam dragon

Illustrated notes

Levels and vault maps discovered:
D:1:      minmay_arrival_five_plusses, layout_loops_ring
D:2:      layout_loops_ring, nicolae_ecumenical_snake_handling
D:3:      layout_loops_corners, uniq_sigmund, uniq_crazy_yiuf_cottage,
          uniq_terence, uniq_natasha
D:4:      layout_rooms, temple_hall, uniq_pikel, uniq_grinder
D:5:      minmay_clustersquares, layout_rooms, mainiacjoe_overflow_chevrons,
          makhleb_blood_cavern_becter, mainiacjoe_overflow_tiny_flanked,
          mainiacjoe_ossuary_entry_dusty_tomb
D:6:      cheibrodos_fertilizer, layout_basic, regret_index_xom_buried_treasure,
          serial_shops, nicolae_stop_n_shop_1, interstate_on_off, uniq_eustachio
D:7:      layout_cave_pools, nicolae_yredelemnul_ghost_church, uniq_maggie,
          uniq_joseph, uniq_maurice, uniq_prince_ribbit1, uniq_menkaure
Temple:   compressed_dpeg_circular_temple

Skill      XL: |  1  2  3  4  5  6  7  8  9 10 |
---------------+-------------------------------+-----
Short Blades   | 2 3 4 6 7 8 9 |  9.6
Fighting       | 3 4 5 6 7 |  7.1
Shields        | 3 4 5 |  5.0
Invocations    | 1 3 4 |  4.8
Evocations     | 1 3 |  3.0
Stealth        | 1 4 6 |  6.0
Spellcasting   | 2 |  2.7
Armour         | |  2.4

Action                     |  1- 3 |  4- 6 |  7- 9 | 10-12 || total
---------------------------+-------+-------+-------+-------++-------
  Melee: Rapier            |   121 |   133 |   121 |       ||   375
         Bite              |    25 |    37 |   100 |    47 ||   209
         Short sword       |       |       |   161 |   133 ||   294
  Throw: Dart              |       |     6 |       |       ||     6
    Use: Scroll            |       |       |     6 |     2 ||     8
         Potion            |       |       |       |     1 ||     1
   Stab: Paralysed         |       |       |    12 |     8 ||    20
 Armour: Scale mail        |    66 |    67 |    89 |       ||   222
         Chain mail        |       |       |    75 |    63 ||   138
  Dodge: Dodged            |    48 |    37 |    48 |    14 ||   147
  Block: Buckler           |    21 |    32 |    44 |    18 ||   115

Table legend: (Time is in decaauts)
 A = Elapsed time spent in this place.
 B = Non-inter-level travel time spent in this place.
 C = Inter-level travel time spent in this place.
 D = Time resting spent in this place.
 E = Time spent auto-exploring this place.
 F = Levels seen in this place.
 G = Mean time per level.
                   A        B        C        D        E       F      G
               +--------+--------+--------+--------+--------+-----+--------+
         Total |   5606 |   5108 |    498 |     13 |   3936 |   9 |  622.9 |
       Dungeon |   5306 |   4817 |    489 |     13 |   3735 |   7 |  758.0 |
        Temple |     20 |     11 |      9 |      0 |      0 |   1 |   20.0 |
       Ossuary |    278 |    278 |      0 |      0 |    201 |   1 |  278.0 |
               +--------+--------+--------+--------+--------+-----+--------+

Top non-repeatable levels by time:
     D:3: 1199 daAuts
     D:6: 1088 daAuts
     D:2: 821 daAuts
     D:4: 756 daAuts
     D:1: 686 daAuts
     D:5: 563 daAuts
 Ossuary: 278 daAuts
     D:7: 190 daAuts
  Temple: 20 daAuts
